 Dungeon Crawl Stone Soup version 0.23-a0-130-g0e7800e (webtiles) character file.

60860 iamserjio the Spry (level 15, -1/108 HPs)
             Began as a Halfling Wanderer on Aug 27, 2018.
             Was a High Priest of Ashenzari.
             Killed from afar by a fire dragon (47 damage)
             ... with a blast of flame
             ... on level 12 of the Dungeon.
             The game lasted 01:33:48 (28587 turns).

iamserjio the Spry (Halfling Wanderer)             Turns: 28587, Time: 01:33:49

Health: -1/108     AC: 15    Str: 13    XL:     15   Next: 39%
Magic:  0/19       EV: 29    Int: 10    God:    Ashenzari [*****.]
Gold:   1201       SH:  7    Dex: 21    Spells: 17/18 levels left

rFire    . . .     SeeInvis +   d - +4 scimitar (curse)
rCold    + . .     Gourm    .   R - +0 buckler (curse)
rNeg     . . .     Faith    .   P - +3 ring mail {rC+} (curse)
rPois    .         Spirit   +   m - +0 helmet (curse)
rElec    .         Reflect  .   Q - +1 cloak (curse)
rCorr    .         Harm     .   g - +0 pair of gloves (curse)
MR       +....     Clarity  +   (no boots)
Stlth    ++........             M - amulet of guardian spirit (curse)
HPRegen  0.28/turn              K - ring of flight
MPRegen  0.16/turn              S - ring of see invisible

@: very slightly contaminated, drained, invisible
A: small, mutation resistance 1
a: End Transfer Knowledge, Curse Item, Scrying, Transfer Knowledge, Renounce
Religion, Evoke Flight


You were on level 12 of the Dungeon.
You worshipped Ashenzari.
Ashenzari was extremely pleased with you.
You were not hungry.

You visited 3 branches of the dungeon, and saw 20 of its levels.

You collected 1201 gold pieces.

Inventory:

Hand Weapons
 d - a cursed +4 scimitar (weapon)
 o - a +2 dagger of venom
 I - a +2 demon whip of electrocution
 U - a +3 long sword
Missiles
 r - 8 tomahawks of dispersal
 s - 3 throwing nets {!f}
 w - 413 stones (quivered)
Armour
 c - a +2 hat
 g - a cursed +0 pair of gloves (worn)
 m - a cursed +0 helmet (worn)
 y - a +2 helmet
 H - the cursed +1 chain mail "Xesi" {+Fly rC+ Str+6}
   (You took it off an orc on level 5 of the Dungeon)

   It affects your strength (+6).
   It protects you from cold.
   It lets you fly.
   It has a curse placed upon it.
 P - a cursed +3 ring mail of cold resistance (worn)
 Q - a cursed +1 cloak (worn)
 R - a cursed +0 buckler (worn)
 V - +0 steam dragon scales
Jewellery
 t - the amulet "Zoikk" {rPois rF+ Regen+ Str-2}
   (You found it on level 5 of the Lair of Beasts)

   [amulet of regeneration]

   It affects your strength (-2).
   It protects you from fire.
   It protects you from poison.
   It increases your rate of regeneration.
 x - a +3 amulet of reflection
 A - an uncursed ring of ice
 E - an uncursed ring of fire
 K - a ring of flight (left hand)
 M - a cursed amulet of guardian spirit (around neck)
 S - a ring of see invisible (right hand)
Wands
 a - a wand of polymorph (10)
 p - a wand of digging (7)
 F - a wand of flame (59)
 X - a wand of paralysis (12)
Scrolls
 e - 5 scrolls of immolation
 h - 4 scrolls of magic mapping
 i - a scroll of blinking
 l - 3 scrolls of remove curse {@r2}
 q - 2 scrolls of fog
 B - 3 scrolls of teleportation
 G - a scroll of fear
 L - a scroll of enchant weapon
Potions
 j - a potion of resistance
 k - a potion of heal wounds
 n - 5 potions of lignification
 v - 2 potions of haste
 z - 6 potions of mutation
 D - 2 potions of cancellation {unknown}
 J - 2 potions of degeneration {unknown}
 N - 6 potions of flight
 O - 5 potions of brilliance
 T - 5 potions of curing {@q1}
 Y - a potion of berserk rage {unknown}
 Z - a potion of ambrosia {unknown}
Miscellaneous
 b - a lamp of fire
 u - a sack of spiders
Comestibles
 f - 38 rations


   Skills:
 + Level 12.1(12.0) Fighting
 - Level 9.7(13.3) Long Blades
 * Level 5.4(5.3) Maces & Flails
   Level 1.1(1.0) Bows
 - Level 8.4(10.9) Armour
 * Level 16.1(18.1) Dodging
 - Level 2.1 Stealth
 - Level 3.9(6.2) Shields
 - Level 2.0(1.9) Spellcasting
 - Level 4.0(3.9) Necromancy
 + Level 6.6(6.5) Evocations


You had 17 spell levels left.
You knew the following spells:

 Your Spells              Type           Power        Failure   Level  Hunger
a - Animate Skeleton      Necr           N/A          12%         1    ##.....

Your spell library contained the following spells:

 Spells                   Type           Power        Failure   Level  Hunger
 Apportation              Tloc           #.....       50%         1    ##.....
 Confusing Touch          Hex            #.....       50%         1    ##.....
 Corona                   Hex            #......      50%         1    ##.....
 Magic Dart               Conj           #...         50%         1    ##.....
 Shock                    Conj/Air       #...         50%         1    ##.....
 Summon Small Mammal      Summ           #...         50%         1    ##.....
 Ensorcelled Hibernation  Hex/Ice        #.....       65%         2    ###....
 Searing Ray              Conj           #.....       65%         2    ###....
 Swiftness                Chrm/Air       #.......     65%         2    ###....
 Confuse                  Hex            #.......     86%         3    ####...
 Dazzling Spray           Conj/Hex       #.....       86%         3    ####...
 Static Discharge         Conj/Air       #.......     86%         3    ####...
 Tukima's Dance           Hex            #.......     86%         3    ####...
 Airstrike                Air            #.........   99%         4    #####..
 Force Lance              Conj/Tloc      #.......     99%         4    #####..
 Fulminant Prism          Conj/Hex       #.........   99%         4    #####..
 Iskenderun's Mystic Bla  Conj           #.......     99%         4    #####..
 Borgnjor's Vile Clutch   Necr/Erth      #.........   100%        5    ######.
 Lightning Bolt           Conj/Air       #.........   100%        5    ######.
 Silence                  Hex/Air        #.........   100%        5    ######.
 Darkness                 Hex            #.........   100%        6    #######
 Shadow Creatures         Summ           N/A          100%        6    #######


Dungeon Overview and Level Annotations

Branches:
Dungeon (13/15)            Temple (1/1) D:6            Lair (6/6) D:10
  Swamp (0/4) Lair:2       Spider (0/4) Lair:2        Slime (0/5) Lair:6
    Orc (0/2) D:9
 Vaults: D:13-14

Altars:
Ashenzari
Cheibriados
Dithmenos
Fedhas
Gozag
Hepliaklqana
Kikubaaqudgha
Makhleb
Nemelex Xobeh
Okawaru
Qazlal
Ru
Sif Muna
Uskayaw
Wu Jian
Xom
Zin
The Shining One
Beogh


Innate Abilities, Weirdness & Mutations

You are small and have problems with some larger weapons.
You are somewhat resistant to further mutation.


Message History

The fire dragon is heavily wounded.
The fire dragon bites you!
* * * LOW HITPOINT WARNING * * *
The fire dragon claws you.
* * * LOW HITPOINT WARNING * * *
The fire dragon misses you.
You feel much better. The fire dragon misses you.
You block the fire dragon's attack. The fire dragon completely misses you.
You fade into invisibility!
The fire dragon completely misses you. The fire dragon barely misses you.
The fire dragon completely misses you.
You are very lightly contaminated with residual magic.
You strike the helpless fire dragon from behind!
You hit the fire dragon but do no damage.
The fire dragon is heavily wounded.
You hit the fire dragon.
The fire dragon is heavily wounded.
The fire dragon breathes flames at you. The blast of flame hits you!
You die...

#####....#...##.......#
....#....#...#........#
....'....'...##...##..#
#.###....###+###+###..#
#+#...........#.......#
..#...........#...##..#
..#...........#...##..#
..............#...##..#
##.############.@..#..#
...# #..D..#..# ...#
#.....#..# ...#
#.....#..# ...####
*###..##### ##.[..#
,,#..# , #....# ,
,,#...*,,* #....# *
#...# , ##....# ,
##.##,,*


You could see a fire dragon.

Vanquished Creatures
  Rupert (Lair:6)
  A ghost moth (Lair:6)
  A minotaur (Lair:1)
  Fannar (D:10)
  A yaktaur captain (D:13)
  A hydra (Lair:1)
  Harold (Lair:1)
  A satyr (Lair:4)
  2 death yaks (Lair:6)
  2 two-headed ogres
  A tengu warrior (D:12)
  Urug (D:10)
  Sonja (Lair:1)
  An unseen horror (D:11)
  The ghost of oki the Cleaver, a novice MiFi of Okawaru (D:5)
  A harpy (Lair:6)
  An ugly thing (D:13)
  Pikel (D:5)
  A cyclops (D:12)
  2 manticores
  6 elephants (Lair:6)
  A black mamba (Lair:2)
  6 spiny frogs
  Joseph (D:7)
  A gargoyle (D:12)
  6 komodo dragons
  13 rime drakes
  A queen bee (D:8)
  2 trolls
  Grinder (D:5)
  A wind drake (Lair:6)
  3 polar bears
  A hornet (Lair:6)
  A jumping spider (Lair:2)
  15 hippogriffs
  19 blink frogs
  6 dream sheep (Lair:6)
  7 slime creatures
  A spriggan (D:8)
  28 yaks
  9 wyverns
  8 basilisks
  2 hungry ghosts
  6 vampire mosquitoes
  Menkaure (D:6)
  Edmund (D:5)
  A hell hound (Lair:4)
  10 water moccasins
  13 porcupines
  2 slaves
  5 orc warriors
  3 ice beasts
  4 black bears
  5 phantoms
  A necrophage (D:11)
  3 sky beasts
  11 ogres
  22 crocodiles
  3 wolves (Lair:4)
  6 centaurs
  3 big kobolds
  A wyvern zombie (D:8)
  22 bullfrogs
  2 gnoll sergeants
  A scorpion (D:4)
  8 killer bees
  14 wights
  4 electric eels
  4 howler monkeys
  4 centaur zombies
  2 bullfrog zombies
  3 crimson imps
  4 quasits
  5 hounds
  3 jellies
  Crazy Yiuf (D:7)
  7 orc priests
  5 centaur skeletons
  7 orc wizards
  Ijyb (D:3)
  Jessica (D:2)
  3 gnoll shamans (D:5)
  An iguana (D:7)
  A hell rat (Lair:6)
  6 worker ants
  A hound skeleton (D:6)
  2 worker ant zombies
  48 gnolls
  20 adders
  6 shadow imps
  An adder skeleton (D:6)
  2 adder zombies
  4 worms (D:2)
  A dart slug (D:3)
  8 leopard geckos
  45 orcs
  3 bat zombies (D:7)
  5 giant cockroaches
  17 goblins
  5 hobgoblins
  19 jackals
  6 quokkas
  A ball python (D:2)
  5 bats
  2 frilled lizards
  17 kobolds
  A leopard gecko skeleton (D:5)
  A leopard gecko zombie (D:5)
  A quokka skeleton (D:8)
  6 rats
  A butterfly (Lair:3)
600 creatures vanquished.

Vanquished Creatures (collateral kills)
  A minotaur (Lair:4)
  A merfolk avatar (Lair:6)
  2 hydras
  3 elephants (Lair:6)
  A torpor snail (Lair:6)
  2 spiny frogs (Lair:6)
  A komodo dragon (Lair:6)
  A polar bear (Lair:6)
  A hornet (Lair:6)
  A blink frog (Lair:6)
  A hippogriff (Lair:5)
  5 yaks (Lair:6)
  A vampire mosquito (D:13)
  A water moccasin (Lair:6)
  A crocodile (Lair:6)
  6 hell rats (Lair:6)
  A worker ant (D:13)
  A fungus (Lair:6)
  A plant (Lair:6)
32 creatures vanquished.

Vanquished Creatures (others)
  A harpy (Lair:6)
  A blink frog (Lair:6)
  A gnoll (D:5)
  30 fungi
  25 plants
58 creatures vanquished.

Grand Total: 690 creatures vanquished

Notes
Turn   | Place    | Note
-------+----------+-------------------------------------------
     0 | D:1      | iamserjio the Halfling Wanderer began the quest for the
                  | Orb.
     0 | D:1      | iamserjio set off with: a +2 falchion, a potion of curing
                  | {@q1}, a wand of random effects (15), a +0 robe, a +0
                  | dagger, a ration
     0 | D:1      | Reached XP level 1. HP: 14/14 MP: 1/1
    43 | D:1      | Reached XP level 2. HP: 7/19 MP: 2/2
   510 | D:1      | Reached skill level 1 in Dodging
   738 | D:2      | Reached XP level 3. HP: 16/24 MP: 3/3
   918 | D:2      | Found a glowing golden altar of the Shining One.
   920 | D:2      | Noticed Jessica
   937 | D:2      | Killed Jessica
   937 | D:2      | Reached skill level 2 in Dodging
   937 | D:2      | Reached XP level 4. HP: 27/29 MP: 4/4
  1304 | D:2      | Reached XP level 5. HP: 34/34 MP: 5/5
  1740 | D:3      | Noticed Ijyb
  1758 | D:3      | Killed Ijyb
  2012 | D:3      | Found a blossoming altar of Fedhas.
  2380 | D:3      | Reached skill level 3 in Dodging
  2475 | D:3      | Reached XP level 6. HP: 38/39 MP: 6/6
  2704 | D:4      | Noticed an ogre
  2710 | D:4      | Killed an ogre
  2913 | D:4      | Reached skill level 5 in Long Blades
  2967 | D:4      | Noticed an ogre
  3015 | D:4      | Killed an ogre
  3015 | D:4      | Reached skill level 4 in Dodging
  3015 | D:4      | Reached XP level 7. HP: 22/45 MP: 7/7
  3945 | D:5      | Entered Level 5 of the Dungeon
  4009 | D:5      | Found a runed gate.
  4009 | D:5      | Found a runed gate.
  4009 | D:5      | Found a runed gate.
  4029 | D:5      | Noticed oki's ghost (novice MiFi)
  4078 | D:5      | Reached skill level 5 in Dodging
  4078 | D:5      | Reached XP level 8. HP: 45/50 MP: 8/8
  4121 | D:5      | Noticed Grinder
  4341 | D:5      | Noticed Edmund
  4379 | D:5      | Killed Edmund
  4563 | D:5      | Noticed Pikel
  5049 | D:5      | Paralysed by Grinder for 4 turns
  5089 | D:5      | Killed Grinder
  5646 | D:5      | Found a glowing golden altar of the Shining One.
  5744 | D:5      | Reached skill level 6 in Dodging
  5797 | D:5      | Reached XP level 9. HP: 52/57 MP: 9/9
  6342 | D:5      | Reached skill level 5 in Armour
  6955 | D:5      | Found a roughly hewn altar of Beogh.
  7194 | D:5      | Killed Pikel
  7194 | D:5      | Reached skill level 7 in Dodging
  7478 | D:6      | Reached XP level 10. HP: 65/65 MP: 10/10
  7498 | D:6      | Noticed Menkaure
  7967 | D:6      | Found a staircase to the Ecumenical Temple.
  7970 | Temple   | Entered the Ecumenical Temple
  7979 | Temple   | Became a worshipper of Ashenzari the Shackled
  8181 | D:6      | Found a glowing silver altar of Zin.
  8199 | D:6      | Killed Menkaure
  8199 | D:6      | Reached skill level 5 in Fighting
  8249 | D:6      | Found a sacrificial altar of Ru.
  8297 | D:6      | Reached skill level 8 in Dodging
  8307 | D:6      | Found an ornate altar of the Wu Jian Council.
  9070 | D:7      | Found a sacrificial altar of Ru.
  9332 | D:7      | Found an ancient bone altar of Kikubaaqudgha.
  9528 | D:7      | Noticed Joseph
  9568 | D:7      | Killed Joseph
  9568 | D:7      | Reached skill level 9 in Dodging
  9746 | D:7      | Found a runed door.
 10110 | D:7      | Noticed Crazy Yiuf
 10122 | D:7      | Killed Crazy Yiuf
 10671 | D:8      | Reached XP level 11. HP: 25/72 MP: 6/11
 11086 | D:8      | Reached skill level 10 in Dodging
 11136 | D:8      | Reached skill level 10 in Long Blades
 11284 | D:8      | Reached * piety under Ashenzari
 11507 | D:9      | Found a deep blue altar of Sif Muna.
 11552 | D:9      | Noticed a two-headed ogre
 11600 | D:9      | Killed a two-headed ogre
 11738 | D:9      | Found a stormy altar of Qazlal.
 12440 | D:9      | Found a staircase to the Orcish Mines.
 12645 | D:10     | Entered Level 10 of the Dungeon
 12669 | D:10     | Reached skill level 11 in Dodging
 12830 | D:10     | Noticed Fannar
 13045 | D:10     | Found a staircase to the Lair.
 13567 | D:10     | Noticed Urug
 13625 | D:10     | Killed Urug
 14996 | D:10     | Killed Fannar
 14996 | D:10     | Reached skill level 12 in Dodging
 15251 | D:10     | Reached XP level 12. HP: 72/81 MP: 13/13
 16129 | D:11     | Killed an unseen horror
 16926 | D:11     | Noticed a two-headed ogre
 17109 | D:11     | Killed a two-headed ogre
 17109 | D:11     | Reached skill level 13 in Dodging
 17376 | D:12     | Noticed a five-headed hydra
 17434 | D:12     | Reached ** piety under Ashenzari
 18608 | Lair:1   | Entered Level 1 of the Lair of Beasts
 18645 | Lair:1   | Noticed Sonja
 18704 | Lair:1   | Killed Sonja
 19201 | Lair:1   | Noticed a four-headed hydra
 19212 | Lair:1   | Killed a four-headed hydra
 19212 | Lair:1   | Reached skill level 14 in Dodging
 19313 | Lair:1   | Noticed Harold
 19315 | Lair:1   | Reached XP level 13. HP: 78/90 MP: 12/14
 19327 | Lair:1   | Killed Harold
 19494 | Lair:2   | Noticed a six-headed hydra
 19514 | Lair:2   | Found a hole to the Spider Nest.
 19810 | Lair:2   | Learned a level 1 spell: Animate Skeleton
 19834 | Lair:2   | Reached *** piety under Ashenzari
 19905 | Lair:2   | Reached skill level 1 in Necromancy
 20018 | Lair:2   | Reached skill level 1 in Spellcasting
 20974 | Lair:2   | Found a staircase to the Swamp.
 21457 | Lair:3   | Reached skill level 15 in Dodging
 21968 | Lair:3   | Reached **** piety under Ashenzari
 22370 | Lair:4   | Reached skill level 1 in Shields
 22759 | Lair:4   | Noticed a six-headed hydra
 22901 | Lair:4   | Noticed a four-headed hydra
 23355 | Lair:4   | Reached XP level 14. HP: 97/97 MP: 17/17
 23895 | Lair:4   | Noticed a minotaur
 23895 | Lair:4   | a six-headed hydra changed into a minotaur
 23905 | Lair:4   | Killed a minotaur
 24084 | Lair:5   | Reached skill level 10 in Fighting
 24441 | Lair:5   | Found a shadowy altar of Dithmenos.
 24560 | Lair:5   | Reached ***** piety under Ashenzari
 24592 | Lair:5   | Identified the amulet "Zoikk" {rPois rF+ Regen+ Str-2}
 24940 | Lair:6   | Entered Level 6 of the Lair of Beasts
 25127 | Lair:6   | Identified the +3 bardiche of Joithem {antimagic, *Noise
                  | rElec rF++}
 25535 | Lair:6   | Noticed a ghost moth
 25535 | Lair:6   | a six-headed hydra changed into a ghost moth
 25546 | Lair:6   | Killed a ghost moth
 25722 | Lair:6   | Found a staircase to the Slime Pits.
 25790 | Lair:6   | Reached skill level 5 in Evocations
 26195 | Lair:6   | Reached XP level 15. HP: 86/107 MP: 16/19
 26516 | Lair:6   | Paralysed by a hornet for 2 turns
 26539 | Lair:6   | Noticed Rupert
 26543 | Lair:6   | Paralysed by Rupert for 5 turns
 26554 | Lair:6   | Killed Rupert
 26554 | Lair:6   | Reached skill level 16 in Dodging
 27186 | D:5      | Identified the cursed +1 chain mail "Xesi" {+Fly rC+ Str+6}
                  | (You took it off an orc on level 5 of the Dungeon)
 27214 | D:5      | Killed oki's ghost
 27939 | D:13     | Reached skill level 1 in Maces & Flails
 27945 | D:13     | Reduced skill Long Blades to level 10
 28328 | D:12     | Reached skill level 5 in Maces & Flails
 28587 | D:12     | Killed from afar by a fire dragon

Vault maps used:
D:1:      tarquinn_simple_flora_water_d
D:2:      lemuel_round_altar, first_ration, uniq_jessica
D:3:      old_standard_altar, uniq_ijyb
D:4:      minmay_ogre_servants
D:5:      lemuel_castle_with_subvaults, biasface_ghost_orc_armoury,
          nicolae_tso_swordbearing_angel, uniq_pikel, uniq_grinder, uniq_edmund
D:6:      lemuel_doored_altar, kennysheep_little_box, zin_statuary,
          temple_fountains, uniq_menkaure
D:7:      lemuel_zombie_altar_kikubaaqudgha, basic_altar, uniq_joseph,
          uniq_crazy_yiuf_cottage
D:8:      the_bakery
D:9:      nicolae_overflow_crystal_walls, lemuel_round_altar, erik_orc_2,
          grunt_ministairs_12
D:10:     due_lair_maze_entry_diamond, uniq_fannar, uniq_urug
D:13:     minmay_the_grid_square_5x5_4x4_mashed, serial_shops,
          nicolae_shop_waterfront
Temple:   eino_temple_lava
Lair:1:   grunt_megastairs_1, serial_bayou_shore_a, uniq_harold, uniq_sonja
Lair:2:   minmay_swamp_entry_swarm, spider_nest_entry_rubble, lemuel_fruit_tree,
          lemuel_fruit_fields
Lair:3:   grunt_megastairs_2
Lair:5:   basic_altar, infiniplex_staircase_pool
Lair:6:   gammafunk_lair_ancient_temple, slime_dummy, uniq_rupert

Skill      XL: |  1  2  3  4  5  6  7  8  9 10 11 12 13 14 15 |
---------------+----------------------------------------------+-----
Fighting       | 2 3 4 6 7 9 11 12 | 12.1
Dodging        | 1 2 3 4 5 6 7 9 12 14 15 16 | 16.1
Long Blades    | 2 3 4 5 6 8 9 10 11 9 |  9.7
Armour         | 4 6 7 8 |  8.4
Evocations     | 2 5 6 |  6.6
Necromancy     | 3 4 |  4.0
Spellcasting   | 2 |  2.0
Shields        | 3 |  3.9
Maces & Flails | 5 |  5.4
Bows           | |  1.1
Stealth        | |  2.1

Action                   |  1- 3 |  4- 6 |  7- 9 | 10-12 | 13-15 || total
-------------------------+-------+-------+-------+-------+-------++-------
Melee: Falchion          |    55 |       |   131 |   795 |       ||   981
       Dagger            |       |   217 |   438 |   353 |       ||  1008
       Scimitar          |       |       |       |   163 |  1284 ||  1447
 Fire: Hunting sling     |       |       |    19 |    52 |       ||    71
Throw: Stone             |       |       |       |     2 |     1 ||     3
 Cast: Animate Skeleton  |       |       |       |       |    43 ||    43
Invok: Curse Item        |       |       |       |     7 |     1 ||     8
       Transfer Knowledg |       |       |       |       |     1 ||     1
 Abil: Evoke Flight      |       |       |       |     1 |       ||     1
Evoke: Wand              |       |     1 |    12 |    85 |    28 ||   126
       Lamp of fire      |       |       |       |     1 |     1 ||     2
  Use: Scroll            |       |     2 |     5 |    13 |     6 ||    26
       Potion            |       |       |     5 |     6 |     9 ||    20
 Stab: Sleeping          |       |       |     1 |     4 |     3 ||     8
       Distracted        |       |       |     1 |     1 |     8 ||    10
       Paralysed         |       |       |       |    40 |       ||    40
       Invisible         |       |       |       |       |     7 ||     7
  Eat: Chunk             |       |     7 |    11 |    27 |    30 ||    75
       Ration            |       |       |     1 |     5 |     1 ||     7
Armor: Robe              |     7 |       |       |       |       ||     7
       Ring mail         |     8 |    57 |   133 |   290 |   191 ||   679
       Skin              |       |     6 |       |       |    18 ||    24
Dodge: Dodged            |    49 |   138 |   410 |  1024 |  1050 ||  2671
Block: Other             |       |       |    12 |     8 |       ||    20
       Buckler           |       |       |       |       |   273 ||   273
       Rpst.: Falchion   |    10 |       |    39 |   172 |       ||   221
       Scimitar          |       |       |       |    39 |   258 ||   297

Table legend:
 A = Non-vault XP
 B = Vault XP
 C = Vault XP percentage of total XP
 D = Non-vault monster count
 E = Vault monster count
 F = Vault count percentage of total count
                 A         B        C        D         E       F
            +---------+---------+-------+---------+---------+-------
      Total |   55293 |   31650 |  36.4 |     438 |     191 |  30.4
            +---------+---------+-------+---------+---------+-------
        D:1 |      22 |       0 |   0.0 |      13 |       0 |   0.0
        D:2 |     117 |      37 |  24.0 |      22 |       1 |   4.3
        D:3 |      67 |      38 |  36.2 |      21 |       1 |   4.5
        D:4 |     510 |     151 |  22.8 |      14 |      10 |  41.7
        D:5 |     854 |    2576 |  75.1 |      16 |      65 |  80.2
        D:6 |    1074 |     178 |  14.2 |      29 |       2 |   6.5
        D:7 |    1271 |     477 |  27.3 |      24 |       5 |  17.2
        D:8 |    1879 |     244 |  11.5 |      28 |       2 |   6.7
        D:9 |    1569 |     744 |  32.2 |       8 |      20 |  71.4
       D:10 |    1959 |    2939 |  60.0 |      31 |      11 |  26.2
       D:11 |    4791 |       0 |   0.0 |      39 |       0 |   0.0
       D:12 |    5357 |     133 |   2.4 |      33 |       1 |   2.9
       D:13 |    1119 |    1506 |  57.4 |       4 |       5 |  55.6
     Lair:1 |    2779 |    3064 |  52.4 |      10 |       5 |  33.3
     Lair:2 |    5531 |    1199 |  17.8 |      26 |       6 |  18.8
     Lair:3 |    3967 |     107 |   2.6 |      22 |       1 |   4.3
     Lair:4 |    4548 |    7195 |  61.3 |      18 |      25 |  58.1
     Lair:5 |    3438 |       0 |   0.0 |      20 |       0 |   0.0
     Lair:6 |   14441 |   11062 |  43.4 |      60 |      31 |  34.1
            +---------+---------+-------+---------+---------+-------
